 Dungeon Crawl Stone Soup version 0.22.1-2-g9c5b331 (webtiles) character file.

179189 empire the Tortoise (level 17, -1/161 HPs)
             Began as a Minotaur Fighter on Nov 9, 2018.
             Was the Champion of Cheibriados.
             Killed from afar by a thorn hunter (40 damage)
             ... with a volley of thorns
             ... on level 4 of the Swamp on Nov 13, 2018.
             The game lasted 01:37:10 (25859 turns).

empire the Tortoise (Minotaur Fighter)             Turns: 25859, Time: 01:37:11

Health: -1/161     AC: 28    Str: 40    XL:     17   Next: 29%
Magic:  23/23      EV: 23    Int: 23    God:    Cheibriados [******]
Gold:   2330       SH: 17    Dex: 33    Spells: 13/25 levels left

rFire    + . .     SeeInvis .   a - +4 scimitar (flame)
rCold    + . .     Gourm    .   X - +0 shield
rNeg     + . .     Faith    .   k - +2 chain mail {rPois}
rPois    +         Spirit   .   M - +2 hat {Int+3}
rElec    .         Reflect  .   e - +2 cloak
rCorr    .         Harm     .   B - +2 pair of gloves
MR       +....                  L - +2 pair of boots
Stlth    ..........             y - amulet of Vitality {Regen+ HP+15}
HPRegen  0.76/turn              I - +5 ring of dexterity
MPRegen  0.18/turn              H - ring "Xeib" {rF+ rC+ rN+}

@: very slow
A: retaliatory headbutt, horns 2
}: 1/15 runes: decaying
a: Bend Time, Temporal Distortion, Slouch, Step From Time, Renounce Religion


You were on level 4 of the Swamp.
You worshipped Cheibriados.
Cheibriados was exalted by your worship.
You were not hungry.

You visited 5 branches of the dungeon, and saw 28 of its levels.
You also visited: Ice Cave.

You collected 3003 gold pieces.
You spent 673 gold pieces at shops.

Inventory:

Hand Weapons
 a - a +4 scimitar of flaming (weapon)
 J - the cursed +3 mace of Enudionk {crush, rElec, unknown}
   (You found it on level 4 of the Swamp)

   It inflicts extra damage upon your enemies.
   It insulates you from electricity.
   It has a curse placed upon it.
Armour
 e - a +2 cloak (worn)
 k - a +2 chain mail of poison resistance (worn)
 s - +0 swamp dragon scales
 B - a +2 pair of gloves (worn)
 L - a +2 pair of boots (worn)
 M - a +2 hat of intelligence (worn)
 X - a +0 shield (worn)
Jewellery
 y - the amulet of Vitality (around neck) {Regen+ HP+15}
   (You found it on level 3 of the Lair of Beasts)

   [amulet of regeneration]

   It affects your health (+15).
   It increases your rate of regeneration.
 H - the ring "Xeib" (right hand) {rF+ rC+ rN+}
   (You found it on level 5 of the Lair of Beasts)

   [ring of protection from cold]

   It protects you from fire.
   It protects you from cold.
   It protects you from negative energy.
 I - a +5 ring of dexterity (left hand)
Wands
 c - a wand of clouds (7)
 o - a wand of polymorph (26)
 p - a wand of enslavement (6)
 u - a wand of digging (18)
 x - a wand of disintegration (5)
 N - a wand of flame (56)
 P - a wand of iceblast (7)
 R - a wand of acid (12)
Scrolls
 j - 11 scrolls of teleportation
 l - 2 scrolls of blinking
 n - 3 scrolls of fog
 w - 6 scrolls of magic mapping
 A - 7 scrolls of fear
 F - 15 scrolls of remove curse
 G - a scroll of holy word
 O - a scroll of identify
 V - 3 scrolls of immolation
 W - a scroll of silence
Potions
 b - 3 potions of resistance
 d - 2 potions of might
 g - a potion of agility
 m - a potion of cancellation
 v - a potion of invisibility
 z - a potion of ambrosia
 D - 10 potions of curing
 E - a potion of flight
 Q - a potion of heal wounds
 S - 2 potions of lignification
Miscellaneous
 h - a phial of floods
 i - a phial of floods
 q - a phantom mirror
 r - a sack of spiders
 t - a phial of floods
 K - a phial of floods
 T - a lightning rod (4/4)
 U - a phial of floods
Comestibles
 f - 57 rations


   Skills:
 - Level 12.0 Fighting
 - Level 14.0 Long Blades
 - Level 15.0 Armour
 - Level 12.0 Dodging
 - Level 12.0 Shields
 + Level 4.7 Spellcasting
 + Level 4.7 Charms
 + Level 4.8 Necromancy
 + Level 4.8 Translocations
 + Level 4.8 Ice Magic
 - Level 10.5 Invocations
 - Level 10.0 Evocations


You had 13 spell levels left.
You knew the following spells:

 Your Spells              Type           Power        Failure   Level  Hunger
a - Shroud of Golubria    Chrm/Tloc      ####......   8%          2    None
b - Song of Slaying       Chrm           ####....     8%          2    None
c - Ozocubu's Armour      Chrm/Ice       ####....     14%         3    ##.....
d - Regeneration          Chrm/Necr      ####......   14%         3    ##.....
e - Blink                 Tloc           N/A          7%          2    None

Your spell library contained the following spells:

 Spells                   Type           Power        Failure   Level  Hunger
 Animate Skeleton         Necr           N/A          4%          1    None
 Apportation              Tloc           ####..       4%          1    None
 Freeze                   Ice            ####         4%          1    None
 Infusion                 Chrm           ####         4%          1    None
 Gell's Gravitas          Tloc           ####......   14%         3    ##.....
 Lesser Beckoning         Tloc           ####......   14%         3    ##.....
 Teleport Other           Tloc           ####....     14%         3    ##.....
 Ensorcelled Hibernation  Hex/Ice        ###...       19%         2    None
 Throw Frost              Conj/Ice       ###...       19%         2    None
 Confusing Touch          Hex            #.....       34%         1    None
 Summon Small Mammal      Summ           #...         34%         1    None
 Spectral Weapon          Hex/Chrm       ###.....     36%         3    ##.....
 Passage of Golubria      Tloc           N/A          43%         4    ####...
 Static Discharge         Conj/Air       #.......     71%         3    ##.....
 Ice Form                 Ice/Tmut       ###.....     77%         4    ####...
 Summon Ice Beast         Ice/Summ       ###.....     77%         4    ####...
 Throw Icicle             Conj/Ice       ###.....     77%         4    ####...
 Iskenderun's Battlesphe  Conj/Chrm      ###.....     98%         5    #####..
 Bolt of Magma            Conj/Fire/Erth #.........   100%        5    #####..
 Lightning Bolt           Conj/Air       #.........   100%        5    #####..
 Venom Bolt               Conj/Pois      #.........   100%        5    #####..
 Bolt of Cold             Conj/Ice       ###.......   100%        6    #######
 Freezing Cloud           Conj/Ice/Air   ##........   100%        6    #######
 Iron Shot                Conj/Erth      #.........   100%        6    #######
 Ozocubu's Refrigeration  Ice            ####......   100%        6    #######
 Orb of Destruction       Conj           #.........   100%        7    #######
 Spellforged Servitor     Conj/Summ      #.........   100%        7    #######
 Ignition                 Fire           #.........   100%        8    #######
 Shatter                  Erth           #.........   100%        9    #######
 Tornado                  Air            #.........   100%        9    #######


Dungeon Overview and Level Annotations

Branches:
Dungeon (15/15)            Temple (1/1) D:7            Lair (6/6) D:8
  Swamp (4/4) Lair:2        Snake (0/4) Lair:3        Slime (0/5) Lair:5
    Orc (2/2) D:10            Elf (0/3) Orc:2        Vaults (0/5) D:14
 Depths (0/5) D:15

Altars:
Ashenzari
Cheibriados
Dithmenos
Elyvilon
Fedhas
Gozag
Hepliaklqana
Kikubaaqudgha
Makhleb
Nemelex Xobeh
Okawaru
Qazlal
Ru
Sif Muna
Trog
Uskayaw
Vehumet
Wu Jian
Xom
Yredelemnul
Zin
The Shining One

Shops:
D:5 =   D:6 *   D:10 ([*   D:11 :   Orc:2 [!}%

Portals:
Pandemonium: Orc:2

Annotations:
D:10 3 runed doors, Sharpo's ghost, novice GrFi
Swamp:4 1 runed door, emiel's ghost, journeyman FeVM


Innate Abilities, Weirdness & Mutations

You reflexively headbutt those who attack you in melee.
You have a pair of horns on your head.


Message History

Your unstable footing causes you to fumble your attack.
The thorn hunter is engulfed in a cloud of scalding steam.
The thorn hunter hits you!
* * * LOW HITPOINT WARNING * * *
You block the thorn hunter's attack.
Unknown command.
You feel much better.
The thorn hunter is engulfed in a cloud of scalding steam.
The thorn hunter fires a volley of thorns at you.
The volley of thorns misses you.
The thorn hunter is engulfed in a cloud of scalding steam.
You block the thorn hunter's attack. The thorn hunter barely misses you.
Your unstable footing causes you to fumble your attack.
Your unstable footing causes you to fumble your attack.
The thorn hunter gestures.
Your unstable footing causes you to fumble your attack.
The thorn hunter is engulfed in a cloud of scalding steam.
The thorn hunter fires a volley of thorns at you.
The volley of thorns hits you!
You die...

♣♣ ♣♣♣ ♣♣♣♣♣♣
♣♣♣♣♣≈♣♣..≈ ♣♣≈≈≈.♣
♣...≈≈§.≈≈. ♣≈≈≈≈.♣
♣.≈≈≈≈≈≈≈≈≈ ♣≈..♣♣♣♣♣♣
♣≈≈≈≈≈≈≈≈≈≈
♣≈.≈♣♣♣..♣♣♣♣.≈≈≈≈≈≈≈.
♣
♣♣≈≈.≈♣....≈♣♣@†≈≈≈≈≈≈
♣
♣...♣≈≈≈≈≈≈≈≈♣f.≈.≈≈?
♣
♣♣♣♣♣≈≈≈≈≈≈≈≈♣♣≈...≈.
♣ ♣≈.≈≈≈≈≈≈≈♣ ≈..≈.. ♣
♣♣.§≈≈≈≈≈.♣♣ .≈≈≈. ♣
♣♣≈≈≈≈≈..≈♣♣≈≈≈≈≈ ♣
♣≈≈≈≈≈≈..≈♣ ♣≈≈≈ ♣
♣....≈≈≈≈≈♣ .≈≈ ♣
♣♣♣.≈≈≈≈≈.♣


You could see a thorn hunter.

Vanquished Creatures
  the Lernaean hydra (Swamp:4)
  Gastronok (D:11)
  A thorn hunter (Swamp:1)
  Agnes (D:14)
  Kirke (D:12)
  A frost giant (IceCv)
  2 orc warlords
  A very ugly thing (Swamp:4)
  Nessos (D:14)
  2 green deaths (Swamp:4)
  An ettin (Orc:2)
  A yaktaur captain (D:15)
  Fannar (Orc:1)
  17 hydras
  5 catoblepae
  Erica (D:8)
  5 centaur warriors
  The ghost of smtktc the Blocker, a journeyman TeFi of Gozag (Lair:3)
  A two-headed ogre (D:14)
  10 alligators
  A satyr (shapeshifter) (D:14)
  10 death yaks
  A tengu warrior (D:14)
  6 orc high priests
  A thrashing horror (Swamp:4)
  Urug (D:14)
  Nergalle (Orc:1)
  Sonja (Orc:1)
  A fire crab (Lair:6)
  A sun demon (Orc:2)
  2 spriggan druids (Swamp:3)
  2 gelid demonspawn (Orc:2)
  2 shambling mangroves
  A wizard (D:15)
  7 swamp dragons
  A lindwurm (Lair:4)
  6 orc knights
  11 orc sorcerers
  23 ugly things
  2 manticores (Lair:6)
  4 cyclopes
  5 elephants
  4 centaur zombies
  An ice statue (IceCv)
  A rust devil (Orc:2)
  2 torpor snails
  2 black mambas
  3 orange demons (Swamp:4)
  A smoke demon (Orc:2)
  A gargoyle (D:14)
  3 centaur skeletons
  An efreet (D:13)
  3 rime drakes
  25 spiny frogs
  2 kobold demonologists
  9 komodo dragons
  A freezing wraith (D:14)
  An ice devil (Orc:2)
  3 meliai (D:15)
  12 trolls
  11 tyrant leeches
  11 bog bodies
  15 polar bears
  3 hornets (Swamp:1)
  A meliai zombie (D:13)
  20 blink frogs
  27 slime creatures
  8 hippogriffs
  8 dream sheep
  4 shadows
  A vampire (D:15)
  A basilisk (Lair:1)
  16 humans (D:14)
  A chaos spawn (Orc:2)
  5 wyverns
  52 yaks
  2 large abominations (Swamp:4)
  4 hungry ghosts
  5 hogs (D:12)
  13 vampire mosquitoes
  4 wargs
  16 swamp worms
  12 insubstantial wisps
  A soldier ant (D:12)
  15 water moccasins
  8 porcupines
  10 swamp drakes
  4 black bears
  50 orc warriors
  A sky beast (D:13)
  4 ice beasts
  A black bear (shapeshifter) (D:15)
  An eye of draining (D:12)
  17 wolves
  17 ogres
  7 centaurs
  16 crocodiles
  18 bullfrogs
  3 big kobolds (D:8)
  4 earth elementals
  9 scorpions
  14 killer bees
  6 wights
  3 electric eels
  4 howler monkeys (D:8)
  10 crimson imps
  3 jellies
  Crazy Yiuf (D:4)
  A bullfrog zombie (D:6)
  9 hounds
  32 orc priests
  4 bullfrog skeletons
  39 orc wizards
  Jessica (D:5)
  2 iguanas
  6 worker ants
  7 hell rats (Lair:4)
  A killer bee zombie (D:8)
  2 hound skeletons
  4 gnolls
  12 adders
  4 shadow imps
  An ooze (D:8)
  An adder skeleton (D:7)
  5 worms
  3 dart slugs
  5 leopard geckos
  112 orcs
  2 ball pythons
  7 giant cockroaches
  4 goblins
  10 hobgoblins
  5 jackals (D:2)
  4 kobolds
  8 quokkas
  8 bats
  7 frilled lizards
  A quokka skeleton (D:8)
  6 rats
  A bush (Lair:3)
  12 fungi
  27 plants
1040 creatures vanquished.

Vanquished Creatures (others)
  A polar bear (IceCv)
  A human (D:12)
  A swamp worm (Swamp:2)
  A hound (D:12)
  30 fungi
  8 plants
  10 toadstools (Lair:4)
52 creatures vanquished.

Grand Total: 1092 creatures vanquished

Notes
Turn   | Place    | Note
-------+----------+-------------------------------------------
     0 | D:1      | empire the Minotaur Fighter began the quest for the Orb.
     0 | D:1      | Reached XP level 1. HP: 19/19 MP: 0/0
   201 | D:1      | Reached XP level 2. HP: 26/26 MP: 1/1
   837 | D:2      | Reached XP level 3. HP: 31/31 MP: 2/2
   972 | D:2      | Reached skill level 5 in Long Blades
  1033 | D:2      | Reached XP level 4. HP: 13/39 MP: 3/3
  1589 | D:3      | Found a burning altar of Makhleb.
  1590 | D:3      | Found a shadowy altar of Dithmenos.
  1662 | D:3      | Found an opulent altar of Gozag.
  1732 | D:3      | Reached skill level 4 in Armour
  1780 | D:3      | Reached XP level 5. HP: 30/45 MP: 4/4
  2216 | D:4      | Found a shimmering altar of Xom.
  2216 | D:4      | Found a shimmering altar of Xom.
  2217 | D:4      | Found a shimmering altar of Xom.
  2289 | D:4      | Got an obsidian-encrusted chain mail
  2300 | D:4      | Identified the +1 chain mail of the Eagle {rC+ Int+4} (You
                  | found it on level 4 of the Dungeon)
  2331 | D:4      | Found a shimmering altar of Xom.
  2331 | D:4      | Found a shimmering altar of Xom.
  2332 | D:4      | Found a shimmering altar of Xom.
  2371 | D:4      | Reached skill level 5 in Armour
  2371 | D:4      | Reached XP level 6. HP: 41/51 MP: 5/5
  3257 | D:4      | Found a runed door.
  3261 | D:4      | Noticed Crazy Yiuf
  3268 | D:4      | Killed Crazy Yiuf
  3331 | D:5      | Entered Level 5 of the Dungeon
  3346 | D:5      | Found Womah's Jewellery Shop.
  3404 | D:5      | Noticed an ice beast
  3417 | D:5      | Killed an ice beast
  3417 | D:5      | Reached skill level 6 in Armour
  3417 | D:5      | Reached XP level 7. HP: 51/57 MP: 6/6
  3506 | D:5      | Found a radiant altar of Vehumet.
  3904 | D:5      | Noticed Jessica
  3910 | D:5      | Found a deep blue altar of Sif Muna.
  3915 | D:5      | Killed Jessica
  3971 | D:5      | Reached skill level 7 in Armour
  4089 | D:6      | Reached skill level 8 in Armour
  4089 | D:6      | Reached XP level 8. HP: 64/64 MP: 7/7
  4098 | D:6      | Found Yczownoh's Assorted Antiques.
  4385 | D:6      | Found a glowing golden altar of the Shining One.
  4543 | D:7      | Reached skill level 10 in Long Blades
  4544 | D:7      | Reached skill level 9 in Armour
  4600 | D:7      | Found a staircase to the Ecumenical Temple.
  4611 | Temple   | Entered the Ecumenical Temple
  4841 | Temple   | Became a worshipper of Cheibriados the Contemplative
  5001 | D:7      | Reached * piety under Cheibriados
  5088 | D:7      | Reached XP level 9. HP: 69/70 MP: 8/8
  5137 | D:7      | HP: 7/157 [orc warrior/halberd (6)]
  5139 | D:7      | Reached skill level 10 in Armour
  5142 | D:7      | HP: 5/157 [poisoned by an adder]
  5469 | D:7      | Found an ancient bone altar of Kikubaaqudgha.
  6107 | D:8      | Found a radiant altar of Vehumet.
  6149 | D:8      | Reached ** piety under Cheibriados
  6219 | D:8      | Reached skill level 11 in Armour
  6280 | D:8      | Noticed Erica
  6810 | D:8      | Killed Erica
  6810 | D:8      | Reached skill level 12 in Armour
  6810 | D:8      | Reached XP level 10. HP: 21/77 MP: 9/9
  7082 | D:8      | Reached *** piety under Cheibriados
  7125 | D:8      | Got an ivory war axe
  7126 | D:8      | Identified the +3 war axe of Dehodd {speed, rElec rC+ Str+3
                  | Int-3} (You found it on level 8 of the Dungeon)
  7209 | D:8      | Found a staircase to the Lair.
  7310 | D:8      | Reached skill level 1 in Dodging
  7664 | D:8      | Found a sparkling altar of Nemelex Xobeh.
  7682 | D:8      | Noticed a three-headed hydra
  7684 | D:8      | Reached skill level 5 in Shields
  7691 | D:8      | HP: 2/77 [dream sheep (16)]
  8110 | D:8      | Killed a one-headed hydra
  8397 | D:9      | Reached skill level 13 in Armour
  8420 | D:9      | Reached **** piety under Cheibriados
  8496 | D:9      | Found an ornate altar of the Wu Jian Council.
  8524 | D:9      | Upgraded the game from 0.22.1-1-ga44c0e5 to
                  | 0.22.1-2-g9c5b331
  8839 | D:10     | Entered Level 10 of the Dungeon
  8861 | D:9      | Reached skill level 5 in Dodging
  8866 | D:9      | HP: 1/77 [earth elemental (26)]
  9328 | D:10     | Reached XP level 11. HP: 32/82 MP: 10/10
  9604 | D:10     | Found Poawemn's General Store.
  9604 | D:10     | Found a runed gate.
  9604 | D:10     | Found a runed gate.
  9604 | D:10     | Found a runed gate.
  9604 | D:10     | Noticed Sharpo's ghost (novice GrFi)
  9764 | D:10     | Bought a potion of haste for 150 gold pieces
  9764 | D:10     | Bought a scroll of teleportation for 45 gold pieces
  9764 | D:10     | Bought a wand of polymorph (14) for 240 gold pieces
 10081 | D:10     | Found Xexoum's Weapon Shop.
 10081 | D:10     | Found a staircase to the Orcish Mines.
 10082 | D:10     | Found Rerusem's Armour Shop.
 10095 | D:10     | Reached ***** piety under Cheibriados
 10466 | D:11     | Found Bogufitzic's Book Shop.
 10547 | D:11     | Found a deep blue altar of Sif Muna.
 10761 | D:11     | Noticed a five-headed hydra
 10767 | D:11     | Killed a one-headed hydra
 10818 | D:11     | Noticed Gastronok
 10842 | D:11     | Killed Gastronok
 10842 | D:11     | Reached skill level 10 in Shields
 10869 | D:11     | Learned a level 2 spell: Shroud of Golubria
 10872 | D:11     | Learned a level 2 spell: Song of Slaying
 10876 | D:11     | Learned a level 3 spell: Ozocubu's Armour
 10880 | D:11     | Learned a level 3 spell: Regeneration
 10948 | D:12     | Noticed Kirke
 10950 | D:12     | Noticed a sphinx
 10953 | D:12     | Reached skill level 1 in Invocations
 10959 | D:12     | Reached skill level 1 in Evocations
 10969 | D:12     | Killed Kirke
 10981 | D:12     | Reached XP level 12. HP: 90/90 MP: 12/12
 11376 | D:12     | Reached skill level 10 in Dodging
 11716 | D:13     | Reached skill level 5 in Invocations
 11945 | D:13     | Noticed a centaur warrior
 11962 | D:13     | Reached ****** piety under Cheibriados
 11966 | D:13     | Killed a centaur warrior
 11969 | D:13     | Reached skill level 5 in Evocations
 12304 | D:14     | Found a gate to the Vaults.
 12304 | D:14     | Noticed Urug
 12304 | D:14     | Noticed a two-headed ogre
 12304 | D:14     | Noticed Nessos
 12580 | D:14     | Noticed Agnes
 12587 | D:14     | Killed Agnes
 12587 | D:14     | Reached skill level 5 in Fighting
 12620 | D:14     | Noticed a centaur warrior
 12626 | D:14     | Killed a centaur warrior
 12702 | D:14     | Noticed a satyr
 12711 | D:14     | Killed a satyr
 12712 | D:14     | Killed Nessos
 12754 | D:14     | Reached XP level 13. HP: 103/103 MP: 17/17
 12758 | D:14     | Killed Urug
 13312 | D:15     | Entered Level 15 of the Dungeon
 13534 | D:15     | Found a staircase to the Depths.
 13892 | D:15     | Found a shattered altar of Ashenzari.
 14167 | Lair:1   | Entered Level 1 of the Lair of Beasts
 14173 | Lair:1   | Reached skill level 10 in Fighting
 14221 | Lair:1   | Reached XP level 14. HP: 118/121 MP: 20/20
 14280 | Lair:1   | Found a frozen archway.
 14288 | IceCv    | Entered an ice cave
 14344 | IceCv    | Got a scorched war axe
 14513 | IceCv    | Reached skill level 10 in Invocations
 14643 | IceCv    | Noticed a frost giant
 14659 | IceCv    | Killed a frost giant
 14693 | IceCv    | Identified Sif Muna's Tome of Love and Death
 15671 | Lair:2   | Found a staircase to the Swamp.
 15972 | Lair:3   | Reached skill level 1 in Necromancy
 16028 | Lair:3   | Reached skill level 1 in Translocations
 16032 | Lair:3   | Reached skill level 1 in Spellcasting
 16032 | Lair:3   | Reached skill level 1 in Ice Magic
 16068 | Lair:3   | Reached skill level 1 in Charms
 16098 | Lair:3   | Found a staircase to the Snake Pit.
 16252 | Lair:3   | Reached skill level 10 in Evocations
 16320 | Lair:3   | Found a runed door.
 16379 | Lair:3   | Noticed smtktc's ghost (journeyman TeFi)
 16380 | Lair:3   | Found the amulet of Vitality {Regen+ HP+15}
 16394 | Lair:3   | Killed smtktc's ghost
 16807 | Lair:4   | Learned a level 2 spell: Blink
 17015 | Lair:4   | Found a runed door.
 18041 | Lair:5   | Got a slimy marble ring
 18047 | Lair:5   | Identified the ring "Xeib" {rF+ rC+ rN+} (You found it on
                  | level 5 of the Lair of Beasts)
 18457 | Lair:5   | Reached XP level 15. HP: 126/126 MP: 21/21
 18885 | Lair:5   | Found a staircase to the Slime Pits.
 19005 | Lair:6   | Entered Level 6 of the Lair of Beasts
 20706 | Orc:1    | Entered Level 1 of the Orcish Mines
 20708 | Orc:1    | Noticed Sonja
 20712 | Orc:1    | Killed Sonja
 20713 | Orc:1    | Noticed Fannar
 20732 | Orc:1    | Killed Fannar
 20944 | Orc:1    | Noticed Nergalle
 20951 | Orc:1    | Killed Nergalle
 21022 | Orc:1    | Noticed an orc warlord
 21035 | Orc:1    | Killed an orc warlord
 21283 | Orc:2    | Entered Level 2 of the Orcish Mines
 21357 | Orc:2    | Found a staircase to the Elven Halls.
 21511 | Orc:2    | Found Zysk's Food Emporium.
 21515 | Orc:2    | Found Jotoxus's Distillery.
 21618 | Orc:2    | Bought a potion of heal wounds for 70 gold pieces
 21618 | Orc:2    | Bought 2 potions of curing for 84 gold pieces
 21618 | Orc:2    | Bought 2 potions of curing for 84 gold pieces
 21690 | Orc:2    | Reached XP level 16. HP: 68/137 MP: 18/22
 21704 | Orc:2    | Paralysed by an orc sorcerer for 5 turns
 21896 | Orc:2    | Found Fyxou's Gadget Boutique.
 21896 | Orc:2    | Found Urhax's Antique Armour Shop.
 21896 | Orc:2    | Found a one-way gate leading to the halls of Pandemonium.
 22013 | Orc:2    | Paralysed by an orc sorcerer for 2 turns
 22017 | Orc:2    | Reached skill level 14 in Armour
 22584 | Swamp:1  | Entered Level 1 of the Swamp
 22586 | Swamp:1  | Noticed a thorn hunter
 22602 | Swamp:1  | Killed a thorn hunter
 25054 | Swamp:4  | Entered Level 4 of the Swamp
 25146 | Swamp:4  | Reached skill level 15 in Armour
 25184 | Swamp:4  | Found a runed door.
 25188 | Swamp:4  | Noticed emiel's ghost (journeyman FeVM)
 25305 | Swamp:4  | Reached XP level 17. HP: 113/146 MP: 23/23
 25366 | Swamp:4  | Got an ivory mace
 25454 | Swamp:4  | Noticed the 27-headed Lernaean hydra
 25463 | Swamp:4  | Killed the 24-headed Lernaean hydra
 25503 | Swamp:4  | Got a decaying rune of Zot
 25851 | Swamp:4  | HP: 7/161 [thorn hunter/volley of thorns (33)]
 25859 | Swamp:4  | Killed from afar by a thorn hunter

Skill      XL: |  1  2  3  4  5  6  7  8  9 10 11 12 13 14 15 16 |
---------------+-------------------------------------------------+-----
Long Blades    | 3 4 5 6 7 9 10 12 13 14 | 14.0
Armour         | 4 5 6 8 9 12 13 15 | 15.0
Dodging        | 5 9 10 11 12 | 12.0
Shields        | 7 10 11 12 | 12.0
Invocations    | 2 6 9 10 | 10.5
Evocations     | 2 6 8 10 | 10.0
Fighting       | 6 10 11 12 | 12.0
Necromancy     | 2 3 4 |  4.8
Translocations | 2 3 4 |  4.8
Spellcasting   | 2 4 |  4.7
Ice Magic      | 2 3 4 |  4.8
Charms         | 2 3 4 |  4.7

Action                   |  1- 3 |  4- 6 |  7- 9 | 10-12 | 13-15 | 16-18 || total
-------------------------+-------+-------+-------+-------+-------+-------++-------
Melee: Long sword        |   125 |   145 |   392 |       |       |       ||   662
       Headbutt          |    23 |    29 |    84 |   260 |   474 |   244 ||  1114
       Scimitar          |       |       |       |   582 |  1045 |   614 ||  2241
Invok: Slouch            |       |       |       |       |     7 |     2 ||     9
Evoke: Wand              |       |       |     2 |       |     5 |     8 ||    15
       Phial of floods   |       |       |       |       |       |     1 ||     1
       Sack of spiders   |       |       |       |       |       |     1 ||     1
  Use: Scroll            |       |     7 |     1 |    12 |    21 |     1 ||    42
       Potion            |       |       |     5 |     2 |       |     5 ||    12
 Stab: Invisible         |       |       |       |     3 |       |       ||     3
       Distracted        |       |       |       |     1 |     1 |       ||     2
       Petrified         |       |       |       |       |     2 |       ||     2
       Confused          |       |       |       |       |       |     3 ||     3
  Eat: Chunk             |     1 |     7 |     9 |    10 |    19 |    10 ||    56
       Ration            |       |       |       |     1 |       |       ||     1
Armor: Chain mail        |    77 |    80 |   172 |   173 |   321 |   220 ||  1043
       Skin              |       |       |    15 |       |       |       ||    15
Dodge: Dodged            |    30 |    22 |    58 |   217 |   661 |   515 ||  1503
Block: Shield            |    70 |    63 |   191 |   339 |   919 |   593 ||  2175
       Rpst.: Long sword |     7 |     5 |    13 |     1 |       |       ||    26
       Scimitar          |       |       |       |    48 |   147 |    72 ||   267
